 Dungeon Crawl Stone Soup version 0.18-a0-801-gb01a236 (webtiles) character file.

331 JokEr the Skirmisher (level 6, -8/40 HPs)
             Began as a Gargoyle Fighter on Dec 14, 2015.
             Was an Initiate of Okawaru.
             Mangled by an ogre
             ... wielding a +0 giant club
              (13 damage)
             ... on level 4 of the Dungeon.
             The game lasted 00:03:57 (3366 turns).

JokEr the Skirmisher (Gargoyle Fighter)             Turns: 3366, Time: 00:03:58

Health: -8/40      AC: 11    Str: 27    XL:     6   Next: 52%
Magic:  6/6        EV:  8    Int:  8    God:    Okawaru [......]
Gold:   189        SH:  9    Dex:  9    Spells: 0 memorised, 5 levels left

rFire  . . .     SeeInvis .     s - +1 hand axe (freeze)
rCold  . . .     Clarity  .     b - +0 scale mail
rNeg   + . .     SustAt   .     c - +0 shield
rPois  ∞         Gourm    .     (no helmet)
rElec  +         Spirit   .     (no cloak)
rCorr  .         Dismiss  .     (no gloves)
rMut   .         Stasis   .     (no boots)
MR     .....                    (no amulet)
Stlth  ..........               (no ring)
                                l - +1 ring of slaying

@: mighty, not resistant to hostile enchantments, extremely unstealthy
A: negative energy resistance 1, electricity resistance, unbreathing,
petrification resistance, rot immunity, AC +4
a: Renounce Religion


You were on level 4 of the Dungeon.
You worshipped Okawaru.
Okawaru was noncommittal.
You were hungry.

You visited 1 branch of the dungeon, and saw 4 of its levels.

You collected 189 gold pieces.

Inventory:

Hand Weapons
 s - a +1 hand axe of freezing (weapon)
Armour
 b - a +0 scale mail (worn)
 c - a +0 shield (worn)
Jewellery
 l - a +1 ring of slaying (left hand)
Scrolls
 a - a scroll of teleportation
 h - 4 scrolls of identify
 i - 2 scrolls of remove curse
Potions
 d - 2 potions of might
 e - 2 potions of curing {unknown}
 g - a potion of mutation {unknown}
 k - a potion of haste {unknown}
 q - 3 potions of heal wounds {unknown}
Comestibles
 f - 2 bread rations
 j - a royal jelly
 m - 6 fruits
 n - 5 meat rations
 p - a slice of pizza


   Skills:
 + Level 5.2 Fighting
   Level 4.2 Maces & Flails
 - Level 3.2 Armour
 + Level 2.7 Dodging
 - Level 3.2 Shields


You had 5 spell levels left.
You didn't know any spells.

Dungeon Overview and Level Annotations

Branches:
Dungeon (4/15)
 Temple: D:4-7

Altars:
Dithmenos
Gozag
Okawaru
Xom


Innate Abilities, Weirdness & Mutations

You are resistant to torment.
Your stone body is resilient (AC +4).
You are immune to poison.
You resist negative energy.
You are resistant to electric shocks.
You can survive without breathing.
You are immune to petrification.
You are immune to rotting.


Message History

You block the ogre's attack.
You barely miss the ogre.
The ogre is heavily wounded.
The ogre hits you with a giant club.
You hit the ogre. You freeze the ogre.
The ogre is severely wounded.
The ogre hits you but does no damage.
You hit the ogre. You freeze the ogre.
The ogre is severely wounded.
The ogre hits you with a giant club!
You hit the ogre but do no damage.
The ogre is severely wounded.
The ogre hits you with a giant club!!
Ouch! That really hurt!
* * * LOW HITPOINT WARNING * * *
You are too injured to fight recklessly!
Drink which item? (? for menu, Esc to quit)
You feel very mighty all of a sudden. The ogre hits you with a giant club!
You die...

..# ########## #.#
####......... #'##
#............
...####.##.#######.#
......#.##.#.....#.#
....#.#.##.#.###.#!####
..................>...(
........#..#.##..#.###
#.#.#.#.#..#.##.@#
#..........#.##..O......
###.#.#.#.##.##.##.#####
...#.#.).##..... ... ###
#.#...#####.. #.#
..#...# #.# ... #.#..
... ### ..#.# .. .. .#


You could see an ogre.

Vanquished Creatures
  The ghost of JokEr the Skirmisher, an amateur OpFi (D:3)
  A scorpion (D:4)
  An orc wizard (D:3)
  An iguana (D:3)
  Natasha (D:2)
  Ijyb (D:2)
  4 adders
  An ooze (D:4)
  A worm (D:3)
  5 giant geckos
  3 orcs (D:3)
  A ball python (D:3)
  7 bats
  3 giant cockroaches
  8 hobgoblins
  A quokka (D:3)
  2 giant newts
  4 goblins
  3 kobolds
  8 rats
57 creatures vanquished.

Notes
Turn   | Place    | Note
--------------------------------------------------------------
     0 | D:1      | JokEr the Gargoyle Fighter began the quest for the Orb.
     0 | D:1      | Reached XP level 1. HP: 14/14 MP: 1/1
    71 | D:1      | Reached XP level 2. HP: 10/19 MP: 2/2
   816 | D:1      | Reached XP level 3. HP: 24/24 MP: 3/3
  1234 | D:2      | Found a shimmering altar of Xom.
  1252 | D:2      | Noticed Natasha
  1261 | D:2      | Killed Natasha
  1261 | D:2      | Reached skill level 4 in Fighting
  1261 | D:2      | Reached skill level 1 in Dodging
  1261 | D:2      | Reached XP level 4. HP: 26/29 MP: 4/4
  1552 | D:2      | Noticed Ijyb
  1564 | D:2      | Killed Ijyb
  1722 | D:2      | Reached XP level 5. HP: 31/34 MP: 5/5
  1950 | D:3      | Noticed JokEr's ghost (amateur OpFi)
  1960 | D:3      | Killed JokEr's ghost
  2178 | D:3      | Found an opulent altar of Gozag.
  2179 | D:3      | Found a shadowy altar of Dithmenos.
  2188 | D:3      | Reached XP level 6. HP: 16/40 MP: 6/6
  2832 | D:3      | Reached skill level 5 in Fighting
  2867 | D:3      | Found an iron altar of Okawaru.
  3004 | D:3      | Became a worshipper of Warmaster Okawaru
  3366 | D:4      | Mangled by an ogre

Vault maps used:
D:1:      saegor_arrival_simple_a
D:2:      lemuel_round_altar, uniq_natasha, uniq_iyjb
D:3:      gammafunk_temple_overflow_pools, okawaru_ov_weapons_minmay

Action                   |  1- 3 |  4- 6 || total
-------------------------+-------+-------++-------
Melee: Flail             |   136 |   120 ||   256
       Hand axe          |       |    26 ||    26
  Use: Scroll            |     2 |     6 ||     8
       Potion            |       |     2 ||     2
  Eat: Chunk             |     1 |     2 ||     3
       Bread ration      |       |     1 ||     1
